 Dungeon Crawl Stone Soup version 0.31-a0-232-gb1c03b2570 (webtiles) character file.

Game seed: 1723861604541156686

443 pokeman the Magician (level 6, 0/34 HPs)
             Began as a Deep Elf Hedge Wizard on July 7, 2023.
             Killed by divine providence
             ... invoked by an orc priest
              (14 damage)
             ... on level 4 of the Dungeon.
             The game lasted 00:05:32 (3495 turns).

pokeman the Magician (Deep Elf Hedge Wizard)        Turns: 3495, Time: 00:05:33

Health: 0/34       AC:  2    Str:  7    XL:     6   Next: 71%
Magic:  3/17       EV: 18    Int: 21    God:
Gold:   127        SH:  0    Dex: 14    Spells: 9/17 levels left

rFire   . . .        q - +2 war axe (elec)
rCold   . . .        (no shield)
rNeg    . . .        b - +0 robe
rPois   .            c - +0 hat
rElec   .            (no cloak)
rCorr   .            (no gloves)
SInv    .            (no boots)
Will    .....        (no amulet)
Stlth   ++           a - +5 ring of evasion
HPRegen 0.25/turn    (no ring)
MPRegen 0.15/turn

%: no passive effects
@: no status effects
A: no striking features
a: no special abilities


You were on level 4 of the Dungeon.
You visited 1 branch of the dungeon, and saw 4 of its levels.

You collected 191 gold pieces.
You spent 64 gold pieces at shops.

Inventory:

Hand Weapons
 q - a +2 war axe of electrocution (weapon)
Armour
 b - a +0 robe (worn)
 c - a +0 hat (worn)
Jewellery
 a - a +5 ring of evasion (left hand)
Wands
 n - a wand of flame (17)
Scrolls
 e - a scroll of acquirement {unknown}
 h - 2 scrolls of fear {unknown}
 i - 2 scrolls of noise {unknown}
 j - 3 scrolls of teleportation {unknown}
 k - 3 scrolls of identify {unknown}
 o - a scroll of enchant armour {unknown}
 r - a scroll of amnesia {unknown}
Potions
 d - a potion of magic
 f - a potion of brilliance {unknown}
 g - 2 potions of heal wounds {unknown}
 l - a potion of lignification {unknown}
 m - a potion of resistance {unknown}
 p - a potion of attraction {unknown}


   Skills:
 - Level 1.0 Fighting
 - Level 1.0 Armour
 - Level 3.0 Dodging
 - Level 3.0 Stealth
 * Level 6.4 Spellcasting
 + Level 5.2 Conjurations
 - Level 1.1 Summonings
 - Level 1.1 Translocations
 + Level 0.8 Air Magic
 + Level 0.8 Poison Magic
 + Level 0.7 Evocations


You had 9 spell levels left.
You knew the following spells:

 Your Spells              Type           Power      Damage    Failure   Level
a - Magic Dart            Conj           100%       1d8       1%          1
b - Mephitic Cloud        Conj/Pois/Air  16%        N/A       11%         3
c - Call Imp              Summ           22%        N/A       9%          2
d - Blink                 Tloc           22%        N/A       9%          2

Your spell library contained the following spells:

 Spells                   Type           Power      Damage    Failure   Level
 Apportation              Tloc           22%        N/A       6%          1
 Lesser Beckoning         Tloc           22%        N/A       9%          2
 Slow                     Hex            24%        N/A       10%         1
 Cigotuvi's Dreadful Rot  Necr/Pois/Air  18%        N/A       12%         2
 Gell's Gravitas          Tloc           11%        N/A       19%         3
 Teleport Other           Tloc           11%        N/A       19%         3
 Alistair's Intoxication  Tmut/Pois      5%         N/A       91%         5
 Dispersal                Tloc           5%         N/A       100%        6


Dungeon Overview and Level Annotations

Branches:
Dungeon (4/15)
 Temple: D:4-7

Altars:

Shops:
D:2 *

Annotations:
D:3 3 runed translucent doors, reriks's ghost, amateur KoHu


Message History

The howler monkey is engulfed in noxious fumes.
The howler monkey barely misses the orc.
The orc wizard is engulfed in noxious fumes.
The orc wizard appears confused.
The orc wizard hits you but does no damage.
The orc is engulfed in noxious fumes.
Unknown command.
The howler monkey is engulfed in noxious fumes.
The howler monkey hits the orc.
The howler monkey closely misses itself.
The orc wizard is engulfed in noxious fumes.
The orc wizard appears confused.
The orc closely misses the orc wizard.
The orc hits itself with a +2 heavy flail.
The orc is killed!
Unknown command.
You bump into the rock wall.
Unknown command.
You bump into the rock wall.
The howler monkey barely misses the orc.
The orc wizard hits you with a +0 dagger.
The howler monkey barely misses the orc.
Unknown command.
Unknown command.
You slash the orc wizard!
You kill the orc wizard!
You feel less confused.
Unknown command.
Unknown command.
You completely miss the howler monkey.
The howler monkey is heavily wounded.
The howler monkey barely misses you.
The howler monkey barely misses the orc.
Unknown command.
Unknown command.
You hit the howler monkey.
The howler monkey is severely wounded.
The howler monkey barely misses you.
The orc priest calls down the wrath of Beogh upon you.
Beogh smites you!
You die...

#.. #.#
#)# ...
##.#
.o####.#
#oo....#
#######h#
.......@#
.....$.<#
.########


You could see a howler monkey (confused), an orc priest and 2 orcs.

Vanquished Creatures
  Sigmund (D:2)
  Jessica (D:3)
  Terence (D:2)
  3 orc wizards (D:4)
  Natasha (thrice) (D:2)
  2 adders
  3 dart slugs
  5 orcs
  4 ball pythons
  3 bats
  4 endoplasms
  2 giant cockroaches
  4 goblins
  3 hobgoblins
  6 jackals
  5 kobolds
  2 quokkas
  3 frilled lizards
  8 rats
63 creatures vanquished.

Notes
Turn   | Place    | Note
-------+----------+-------------------------------------------
     0 | D:1      | pokeman the Deep Elf Hedge Wizard began the quest for the
                  | Orb.
     0 | D:1      | Reached XP level 1. HP: 10/10 MP: 7/7
   409 | D:1      | Reached XP level 2. HP: 16/16 MP: 6/9
   896 | D:1      | Reached skill level 5 in Spellcasting
  1278 | D:2      | Reached XP level 3. HP: 20/20 MP: 8/11
  1282 | D:2      | Learned a level 3 spell: Mephitic Cloud
  1285 | D:2      | Learned a level 2 spell: Call Imp
  1288 | D:2      | Learned a level 2 spell: Blink
  1704 | D:2      | Noticed Terence
  1734 | D:2      | Killed Terence
  1735 | D:2      | Reached skill level 1 in Fighting
  1735 | D:2      | Reached skill level 1 in Armour
  1923 | D:2      | Found Tuweklira's Assorted Antiques.
  1926 | D:2      | Bought a scroll labelled BESUEW VO FAR for 17 gold pieces
  1926 | D:2      | Bought a scroll labelled BESUEW VO FAR for 17 gold pieces
  1926 | D:2      | Bought a bubbling brown potion for 15 gold pieces
  1926 | D:2      | Bought a lumpy ruby potion for 15 gold pieces
  2063 | D:2      | Reached XP level 4. HP: 20/25 MP: 6/13
  2135 | D:2      | Noticed Natasha
  2176 | D:2      | Killed Natasha
  2404 | D:2      | Noticed Sigmund
  2413 | D:2      | Killed Sigmund
  2414 | D:2      | Reached XP level 5. HP: 29/29 MP: 10/15
  2587 | D:2      | Noticed Natasha
  2597 | D:2      | Killed Natasha
  2598 | D:2      | Reached skill level 5 in Conjurations
  2598 | D:2      | Reached XP level 6. HP: 25/34 MP: 11/16
  2646 | D:2      | Noticed Natasha
  2658 | D:2      | Killed Natasha
  2719 | D:3      | Noticed Jessica
  2722 | D:3      | Killed Jessica
  2723 | D:3      | Reached skill level 6 in Spellcasting
  2766 | D:3      | Found a faded altar of an unknown god.
  2935 | D:3      | Found a runed translucent gate.
  2935 | D:3      | Found a runed translucent gate.
  2936 | D:3      | Found a runed translucent gate.
  2939 | D:3      | Noticed reriks's ghost (amateur KoHu)
  3495 | D:4      | Killed from afar by an orc priest

Illustrated notes

Levels and vault maps discovered:
D:1:      evilmike_arrival_rings, layout_basic, dk_noncrumbling_4
D:2:      layout_basic, serial_shops, nicolae_shop_behind_doors, uniq_terence,
          uniq_sigmund, uniq_natasha
D:3:      layout_loops_cross, gammafunk_ghost_nasty_kobolds,
          basic_ecumenical_altar, chequers_serial_rivers_small_3,
          dreamdust_wishing_well, uniq_jessica
D:4:      minmay_chambers_of_threes, layout_loops_ring,
          gammafunk_temple_overflow_claw, gammafunk_ghost_arena,
          uniq_crazy_yiuf_cottage, uniq_grinder, uniq_ijyb

Skill      XL: |  1  2  3  4  5  6 |
---------------+-------------------+-----
Spellcasting   | 5 6 |  6.4
Fighting       | 1 |  1.0
Armour         | 1 |  1.0
Conjurations   | 2 4 5 |  5.2
Dodging        | 3 |  3.0
Stealth        | 3 |  3.0
Summonings     | |  1.1
Translocations | |  1.1
Air Magic      | |  0.8
Poison Magic   | |  0.8
Evocations     | |  0.7

Action                     |  1- 3 |  4- 6 || total
---------------------------+-------+-------++-------
  Melee: Dagger            |     8 |    18 ||    26
         War axe           |       |    15 ||    15
   Cast: Magic Dart        |    93 |    39 ||   132
         Mephitic Cloud    |     1 |     8 ||     9
         Call Imp          |     1 |     2 ||     3
   Stab: Confused          |     2 |     4 ||     6
         Sleeping          |     1 |       ||     1
 Armour: Robe              |     3 |     2 ||     5
  Dodge: Dodged            |    15 |    27 ||    42

Table legend: (Time is in decaauts)
 A = Elapsed time spent in this place.
 B = Non-inter-level travel time spent in this place.
 C = Inter-level travel time spent in this place.
 D = Time resting spent in this place.
 E = Time spent auto-exploring this place.
 F = Levels seen in this place.
 G = Mean time per level.
                   A        B        C        D        E       F      G
               +--------+--------+--------+--------+--------+-----+--------+
         Total |   3504 |   3303 |    201 |     65 |   2841 |   4 |  876.0 |
       Dungeon |   3504 |   3303 |    201 |     65 |   2841 |   4 |  876.0 |
               +--------+--------+--------+--------+--------+-----+--------+

Top non-repeatable levels by time:
     D:2: 1524 daAuts
     D:1: 1172 daAuts
     D:3: 769 daAuts
     D:4: 38 daAuts
